 Dungeon Crawl Stone Soup version 0.18-a0-1637-g109f206 (webtiles) character file.

335 ithil the Shield-Bearer (level 6, -6/53 HPs)
             Began as a Minotaur Fighter on Mar 27, 2016.
             Killed from afar by an orc wizard (11 damage)
             ... with a magic dart
             ... on level 4 of the Dungeon.
             The game lasted 00:08:29 (2401 turns).

ithil the Shield-Bearer (Minotaur Fighter)          Turns: 2401, Time: 00:08:29

Health: -6/53      AC:  8    Str: 28    XL:     6   Next: 28%
Magic:  5/5        EV:  9    Int:  5    God:
Gold:   100        SH: 10    Dex:  9    Spells: 0 memorised, 5 levels left

rFire  . . .     SeeInvis .     a - +0 war axe
rCold  . . .     Gourm    .     b - +0 scale mail
rNeg   . . .     Faith    .     c - +0 shield
rPois  .         Spirit   .     (helmet restricted)
rElec  .         Dismiss  +     i - +0 cloak
rCorr  .         Reflect  .     (no gloves)
SustAt .         Harm     .     (no boots)
MR     .....                    p - amulet of dismissal
Stlth  ..........               (no ring)
                                (no ring)

@: mighty, not resistant to hostile enchantments, extremely unstealthy
A: retaliatory headbutt, horns 2
a: no special abilities


You were on level 4 of the Dungeon.
You were not hungry.

You visited 1 branch of the dungeon, and saw 4 of its levels.

You collected 100 gold pieces.

Inventory:

Hand Weapons
 a - a +0 war axe (weapon)
 j - a cursed -3 short sword
Armour
 b - a +0 scale mail (worn)
 c - a +0 shield (worn)
 i - a +0 cloak (worn)
 x - a -2 pair of boots
Jewellery
 p - an amulet of dismissal (around neck)
 t - an uncursed ring of fire {unknown}
Wands
 s - a wand of iceblast (6/15)
Scrolls
 e - 2 scrolls of amnesia {unknown}
 g - a scroll of remove curse
 h - a scroll of immolation {unknown}
 k - a scroll of teleportation {unknown}
 r - a scroll of blinking {unknown}
 v - a scroll of magic mapping {unknown}
 w - a scroll of identify {unknown}
Potions
 l - a potion of lignification {unknown}
 m - a potion of resistance {unknown}
 o - a potion of brilliance {unknown}
 u - a potion of heal wounds {unknown}
Comestibles
 f - 2 bread rations
 n - 8 chunks of flesh
 q - a beef jerky


   Skills:
 + Level 4.7 Fighting
 + Level 4.0 Axes
 + Level 4.6 Armour
 + Level 2.5 Dodging
 + Level 0.5 Stealth
 + Level 5.7 Shields


You had 5 spell levels left.
You didn't know any spells.

Dungeon Overview and Level Annotations

Branches:
Dungeon (4/15)
 Temple: D:4-7

Altars:
Elyvilon
Xom


Innate Abilities, Weirdness & Mutations

You reflexively headbutt those who attack you in melee.
You have a pair of horns on your head.


Message History

The phantom blinks!
The orc priest hits you with a club.
* * * LOW HITPOINT WARNING * * *
You block the orc wizard's attack.
Drink which item? (? for menu, Esc to quit)
You feel very mighty all of a sudden. You block the orc priest's attack.
The orc wizard mumbles some strange words.
The orc wizard blinks!
The orc wizard hits you but does no damage.
You slash the orc wizard!
You kill the orc wizard!
Your shield prevents you from hitting the orc priest.
The orc priest is moderately wounded.
The orc priest closely misses you. You furiously retaliate!
You headbutt the orc priest!
You kill the orc priest!
Your Axes skill increases to level 4!
The orc wizard casts a spell at you. The magic dart hits you!
You die...

≈§.........#...## #
#...[o....#.# #
#...........#### #
#..............#.
#. #§.##........
...
#...W...o........
#..##............
####)§.#.....o..
####..@)#..........
#....#######....##.
#....# #####.####
#....# #......#
#....###.)....###
####.............
#####........#
######........ <
#...........#. ..


You could see a phantom and an orc wizard.

Vanquished Creatures
  A howler monkey (D:3)
  An orc priest (D:4)
  A hound (D:4)
  An iguana (D:4)
  An orc wizard (D:4)
  2 worker ants (D:4)
  3 adders
  An adder skeleton (D:4)
  A worm (D:2)
  4 dart slugs
  3 giant geckos
  11 orcs
  3 giant cockroaches
  6 hobgoblins
  8 jackals
  10 kobolds
  4 quokkas
  A ball python (D:1)
  7 bats
  3 giant newts
  10 goblins
  9 rats
  A fungus (D:1)
92 creatures vanquished.

Vanquished Creatures (others)
  2 orcs (D:4)
  A ball python (D:4)
3 creatures vanquished.

Grand Total: 95 creatures vanquished

Notes
Turn   | Place    | Note
--------------------------------------------------------------
     0 | D:1      | ithil the Minotaur Fighter began the quest for the Orb.
     0 | D:1      | Reached XP level 1. HP: 19/19 MP: 0/0
   441 | D:1      | Reached XP level 2. HP: 25/27 MP: 1/1
   462 | D:1      | Reached skill level 4 in Shields
   684 | D:1      | Reached XP level 3. HP: 33/33 MP: 2/2
  1023 | D:2      | Reached skill level 1 in Dodging
  1315 | D:2      | Reached XP level 4. HP: 40/40 MP: 3/3
  1650 | D:3      | Reached skill level 5 in Shields
  1785 | D:3      | Reached XP level 5. HP: 46/46 MP: 4/4
  1938 | D:3      | Found a white marble altar of Elyvilon.
  2202 | D:4      | Reached XP level 6. HP: 47/53 MP: 5/5
  2339 | D:4      | Found a shimmering altar of Xom.
  2401 | D:4      | Killed from afar by an orc wizard

Vault maps used:
D:1:      dpeg_cavernosity
D:3:      nicolae_overflow_crystal_walls
D:4:      minmay_misc_feat_iff, xom_confusion_cloud

Skill      XL: |  1  2  3  4  5  6 |
---------------+-------------------+-----
Shields        | 4 5 |  5.7
Armour         | 4 |  4.6
Fighting       | 4 |  4.7
Dodging        | 1 2 |  2.5
Axes           | 3 4 |  4.0
Stealth        | |  0.5

Action                   |  1- 3 |  4- 6 || total
-------------------------+-------+-------++-------
Melee: War axe           |   116 |   112 ||   228
  Use: Scroll            |       |     1 ||     1
       Potion            |       |     1 ||     1
  Eat: Chunk             |     2 |     3 ||     5
